 Dungeon Crawl Stone Soup version 0.29-b1-12-g9e2288ab2a (webtiles) character file.

Game seed: 8455631472571964978

2 Zeldest the Caller (level 1, -2/15 HPs)
             Began as a Naga Summoner on Aug 23, 2022.
             Slain by a jackal (3 damage)
             ... on level 2 of the Dungeon.
             The game lasted 00:00:36 (69 turns).

Zeldest the Caller (Naga Summoner)                    Turns: 69, Time: 00:00:37

Health: -2/15      AC:  1    Str: 10    XL:     1   Next: 30%
Magic:  1/3        EV:  9    Int: 15    God:
Gold:   24         SH:  0    Dex: 11    Spells: 3/4 levels left

rFire   . . .      SeeInvis +   (no weapon)
rCold   . . .      Faith    .   (no shield)
rNeg    . . .      Spirit   .   a - +0 robe
rPois   +          Reflect  .   (no helmet)
rElec   .          Harm     .   (no cloak)
rCorr   .          Rampage  .   (no gloves)
Will    .....                   (no barding)
Stlth   ++........              (no amulet)
HPRegen 0.05/turn               (no ring)
MPRegen 0.08/turn               (no ring)

@: short of breath, very slow
A: AC +0, large, see invisible, deformed body, poison resistance, slowness 2,
spit poison 1, naga tail 1
a: Spit Poison


You were on level 2 of the Dungeon.
You visited 1 branch of the dungeon, and saw 2 of its levels.

You collected 24 gold pieces.

Inventory:

Armour
 a - a +0 robe (worn)
Scrolls
 c - 2 scrolls of enchant weapon {unknown}
Potions
 b - a potion of magic


   Skills:
 + Level 0.1 Fighting
 - Level 1.5 Dodging
 - Level 3.0 Stealth
 + Level 0.2 Unarmed Combat
 - Level 2.0 Spellcasting
 + Level 4.0 Summonings


You had 3 spell levels left.
You knew the following spells:

 Your Spells              Type           Power      Damage    Failure   Level
a - Summon Small Mammal   Summ           52%        N/A       4%          1

Your spell library contained the following spells:

 Spells                   Type           Power      Damage    Failure   Level
 Call Imp                 Summ           13%        N/A       6%          2
 Call Canine Familiar     Summ           13%        N/A       13%         3
 Summon Guardian Golem    Hex/Summ       7%         N/A       28%         3
 Summon Lightning Spire   Summ/Air       7%         N/A       67%         4


Dungeon Overview and Level Annotations

Branches:
Dungeon (2/15)

Altars:


Innate Abilities, Weirdness & Mutations

Your serpentine skin is tough. (AC +0)
You have supernaturally acute eyesight. (SInv)
Armour fits poorly on your strangely shaped body.
Your system is resistant to poisons. (rPois)
You cover ground very slowly.
You can spit poison.
You have a snake-like lower body.


Message History

You hit the bat.
The bat is heavily wounded.
Your bat barely misses the bat.
The bat barely misses you. The bat misses you. The bat misses your bat.
You swap places.
Found a stone staircase leading down.
The bat hits you but does no damage. The bat hits you but does no damage.
The bat completely misses you.
Your bat hits the bat. The bat misses your bat.
You swap places.
The bat hits you but does no damage.
Your bat barely misses the bat.
Your bat barely misses the bat.
The bat barely misses you.
You swap places.
The bat hits you. Something hits your bat.
Your bat dies!
Your bat's corpse disappears in a puff of smoke! 2 jackals come into view.
The jackal barks!
The bat closely misses you.
A jackal comes into view.
The bat misses you.
A jackal comes into view.
The bat hits you but does no damage. The bat hits you.
Your rat bites the bat.
There is a stone staircase leading down here.
The bat hits you but does no damage. The jackal bites you.
* * * LOW HITPOINT WARNING * * *
Your rat bites the bat.
The bat dies!
The jackal bites you.
* * * LOW HITPOINT WARNING * * *
You climb downwards.
Your summoned ally is left behind.
There is a stone staircase leading up here.
Casting: Summon Small Mammal (safe; 4% risk of failure)
Press: ? - help, Q - select action, (/) - cycle Dir - look around, f - activate The jackal completely misses you.
Aiming: Spit Poison (3% risk of failure)
Press: ? - help, Q - select action, (/) - cycle Shift-Dir - straight line, f - jackal
Aim: a jackal (ally target, 43% to hit)
The splash of poison hits the jackal.
The jackal is severely wounded.
The jackal bites you.
You die...

#### #r.
#.# #@#
#....h..#
#.##.####
# #.# #..
###


You could see a jackal (ally target) and a friendly rat (summoned).

Vanquished Creatures (collateral kills)
  A bat (D:1)
  A ball python (D:1)
2 creatures vanquished.

Notes
Turn   | Place    | Note
-------+----------+-------------------------------------------
     0 | D:1      | Zeldest the Naga Summoner began the quest for the Orb.
     0 | D:1      | Reached XP level 1. HP: 15/15 MP: 3/3
    69 | D:2      | Slain by a jackal

Illustrated notes

Levels and vault maps discovered:
D:1:      beargit_arrival_diablo_church, layout_loops_ring,
          dilly_ecumenical_altar_fadedgnrine
D:2:      layout_loops_cross, basic_altar

Action                   || total
-------------------------++-------
Melee: Unarmed           ||     5
 Cast: Summon Small Mamm ||     4
 Abil: Spit Poison       ||     1
Armor: Robe              ||    12
Dodge: Dodged            ||    10
